 Dungeon Crawl Stone Soup version 0.26.1-11-gd32895ea62 (webtiles) character file.

Game seed: 7173008325950862067

107 ubername the Slasher (level 4, -3/40 HPs)
             Began as a Minotaur Monk on May 21, 2021.
             Slain by Grinder (8 damage)
             ... on level 3 of the Dungeon.
             The game lasted 00:02:38 (1948 turns).

ubername the Slasher (Minotaur Monk)                Turns: 1948, Time: 00:02:39

Health: -3/40      AC:  6    Str: 15    XL:     4   Next: 57%
Magic:  3/3        EV: 11    Int:  7    God:
Gold:   72         SH:  3    Dex: 14    Spells: 3/3 levels left

rFire    . . .     SeeInvis .   a - +0 falchion
rCold    . . .     Faith    .   p - +0 buckler
rNeg     . . .     Spirit   .   g - +0 ring mail
rPois    .         Reflect  .   (helmet restricted)
rElec    .         Harm     .   i - +0 cloak
rCorr    .         Rampage  .   (no gloves)
Will     .....                  (no boots)
Stlth    +.........             (no amulet)
HPRegen  0.13/turn              (no ring)
MPRegen  0.08/turn              (no ring)

@: no status effects
A: retaliatory headbutt, horns 2
a: no special abilities


You were on level 3 of the Dungeon.
You visited 1 branch of the dungeon, and saw 3 of its levels.

You collected 72 gold pieces.

Inventory:

Hand Weapons
 a - a +0 falchion (weapon)
 r - a cursed -3 short sword
Missiles
 j - 61 sling bullets
 m - 19 poisoned darts (quivered)
Armour
 g - a +0 ring mail (worn)
 i - a +0 cloak (worn)
 p - a +0 buckler (worn)
Jewellery
 b - an uncursed ring of fire {unknown}
 t - an uncursed ring of fire {unknown}
Scrolls
 d - 3 scrolls of identify {unknown}
 e - 2 scrolls of enchant armour {unknown}
 f - 2 scrolls of blinking {unknown}
 h - 2 scrolls of magic mapping {unknown}
 k - a scroll of immolation {unknown}
 q - 2 scrolls of remove curse {unknown}
 s - a scroll of teleportation {unknown}
Potions
 c - 2 potions of attraction {unknown}
 l - 6 potions of curing {unknown}
 n - 2 potions of degeneration {unknown}
 o - a potion of haste
 u - a potion of heal wounds {unknown}


   Skills:
 + Level 4.3 Fighting
 + Level 5.0 Long Blades
 + Level 1.4 Armour
 + Level 3.8 Dodging
 + Level 2.1 Stealth


You had 3 spell levels left.
You didn't know any spells.
Your spell library was empty.

Dungeon Overview and Level Annotations

Branches:
Dungeon (3/15)

Altars:
Trog

Annotations:
D:3 Grinder


Innate Abilities, Weirdness & Mutations

You reflexively headbutt those who attack you in melee.
You have a pair of horns on your head.


Message History

You hit Grinder but do no damage. Grinder hits you but does no damage.
The orc closely misses you.
You riposte.
You barely miss the orc. You headbutt the orc.
The orc is almost dead.
Grinder hits you.
You writhe in agony.
You hit Grinder.
Grinder is lightly wounded.
You block Grinder's attack.
You hit Grinder.
Grinder is lightly wounded.
Grinder hits you. The orc hits you but does no damage.
Grinder barely misses you.
You slash Grinder!
Grinder is moderately wounded.
The orc hits you but does no damage. Grinder hits you!
* * * LOW HITPOINT WARNING * * *
You hit Grinder but do no damage.
Grinder is moderately wounded.
Grinder hits you!
You die...

...#..#
#####..........
.......<
#######.#####.#
)....##......(...##
...#.#
########...##
..##.#
###.#.#.###># .#
#.# ...........#
###.#.#.###.#
##.5.## ##@## #o#
###.#####.#
#.........#
#.####..... #. #..#
# .#


You could see Grinder (fast) and an orc.

Vanquished Creatures
  A centaur zombie (D:3)
  2 adders (D:2)
  An ooze (D:1)
  2 worms (D:2)
  A dart slug (D:1)
  3 leopard geckos
  2 ball pythons
  5 bats (D:1)
  A giant cockroach (D:1)
  3 goblins (D:1)
  4 hobgoblins
  9 kobolds
  3 frilled lizards (D:1)
  9 rats
46 creatures vanquished.

Notes
Turn   | Place    | Note
-------+----------+-------------------------------------------
     0 | D:1      | ubername the Minotaur Monk began the quest for the Orb.
     0 | D:1      | Reached XP level 1. HP: 19/19 MP: 0/0
    60 | D:1      | Reached XP level 2. HP: 27/27 MP: 1/1
    63 | D:1      | Reached skill level 4 in Long Blades
   504 | D:1      | Reached XP level 3. HP: 33/33 MP: 2/2
  1444 | D:2      | Found a bloodstained altar of Trog.
  1532 | D:2      | Reached XP level 4. HP: 39/40 MP: 3/3
  1808 | D:3      | Reached skill level 5 in Long Blades
  1808 | D:3      | Reached skill level 1 in Armour
  1925 | D:3      | Noticed Grinder
  1930 | D:3      | Paralysed by Grinder for 7 turns
  1941 | D:3      | Paralysed by Grinder for 3 turns
  1948 | D:3      | Slain by Grinder

Illustrated notes

Levels and vault maps discovered:
D:1:      dpeg_arrival_tiny_a, layout_loops_cross, minivault_14
D:2:      minmay_door_path, layout_loops_cross, lemuel_crystal_altar
D:3:      layout_loops_ring, patterned_corridor, uniq_grinder

Skill      XL: |  1  2  3  4 |
---------------+-------------+-----
Long Blades    | 4 5 |  5.0
Fighting       | 4 |  4.3
Stealth        | 2 |  2.1
Armour         | 1 |  1.4
Dodging        | |  3.8

Action                   |  1- 3 |  4- 6 || total
-------------------------+-------+-------++-------
Melee: Falchion          |    67 |    21 ||    88
       Headbutt          |    11 |     8 ||    19
 Stab: Sleeping          |     3 |       ||     3
Armor: Robe              |     4 |       ||     4
       Ring mail         |    11 |    11 ||    22
       Leather armour    |     1 |       ||     1
Dodge: Dodged            |    48 |    10 ||    58
Block: Buckler           |     4 |     2 ||     6
       Rpst.: Falchion   |    10 |     2 ||    12
